 Dungeon Crawl Stone Soup version 0.14.0-12-g87ee3b7 (webtiles) character file.

4113 MDvedh the Basher (level 10, -10/81 HPs)
             Began as a Hill Orc Monk on Apr 16, 2014.
             Was a Priest of Beogh.
             Killed from afar by Erolcha (23 damage)
             ... with a bolt of lightning
             ... on Level 8 of the Dungeon.
             The game lasted 00:25:30 (10943 turns).

MDvedh the Basher (Hill Orc Monk)                  Turns: 10943, Time: 00:25:31

HP -10/81        AC 16     Str 18      XL: 10   Next: 18%
MP  10/10        EV  6     Int 10      God: Beogh [***...]
Gold 278         SH  0     Dex 18      Spells:  0 memorised,  9 levels left

rFire  . . .     SeeInvis .     u - +1 morningstar (protect)
rCold  . . .     Clarity  +     r - +0 plate armour
rNeg   . . .     Conserve .     (no shield)
rPois  .         rCorr    .     (no helmet)
rElec  .         rRot     .     (no cloak)
SustAb . .       Spirit   .     (no gloves)
rMut   .         Warding  .     (no boots)
Saprov + . .     Stasis   .     q - cursed amulet of clarity
MR     .....                    A - +2 ring of evasion
                                f - +5 ring of dexterity

@: not resistant to hostile enchantments, extremely unstealthy
A: saprovore 1
a: Smiting, Renounce Religion


You were on level 8 of the Dungeon.
You worshipped Beogh.
Beogh was most pleased with you.
You were not hungry.

You visited 1 branch of the dungeon, and saw 8 of its levels.

You collected 278 gold pieces.

Inventory:

Hand weapons
 h - a +0,+0 club
 k - a +2,+3 mace
 u - a +1,+1 morningstar of protection (weapon)
 D - a +2,+2 battleaxe of freezing
Armour
 r - a +0 plate armour (worn)
Magical devices
 m - a wand of digging (19)
 C - a wand of random effects (13)
Comestibles
 p - 5 bread rations
Scrolls
 a - a scroll of fear
 c - 6 scrolls of teleportation
 i - 2 scrolls of remove curse
 s - a scroll of amnesia
 t - a scroll of blinking
 B - a scroll of recharging
Jewellery
 f - a +5 ring of dexterity (left hand)
 q - a cursed amulet of clarity (around neck)
 A - a +2 ring of evasion (right hand)
Potions
 b - a potion of mutation {unknown}
 d - a potion of invisibility {unknown}
 e - 2 potions of haste
 j - a potion of poison {unknown}
 l - a potion of might
 n - 3 potions of curing
 o - 2 potions of agility
 w - 2 potions of lignification {unknown}
 x - a potion of restore abilities {unknown}
 z - a potion of porridge


   Skills:
 - Level 5.3 Fighting
 + Level 14.4 Maces & Flails
 - Level 2.4 Dodging
 - Level 1.5 Stealth
 - Level 4.3 Unarmed Combat


You had 9 spell levels left.
You didn't know any spells.

Dungeon Overview and Level Annotations

Branches:
Dungeon (8/15)             Temple (0/1) D:5
   Lair: D:8-11

Altars:
Fedhas
Kikubaaqudgha
Nemelex Xobeh
Trog

Annotations:
D:5 timbw's ghost, weakling VSGl
D:8 Erolcha


Innate Abilities, Weirdness & Mutations

You can tolerate rotten meat.


Message History

Beogh accepts your kill.
You start resting.
You hear the frantic creaking of a distant oriflamme.
You start resting.
You hear the frantic creaking of a distant oriflamme.
You start resting.
Erolcha comes into view.
She is wielding a giant spiked club.
Erolcha is nearby!
Erolcha is nearby!
Erolcha is nearby!
You swap places.
Erolcha gestures at your orc priest while chanting.
The bolt of lightning hits your orc priest.
The bolt of lightning hits you!
* * * LOW HITPOINT WARNING * * *
Erolcha casts a spell at you.
The bolt of lightning hits your orc priest.
Your orc priest dies!
Erolcha looks more experienced.
The bolt of lightning hits you!
You die...

... O.. #<#
...###.## #.#
#####(#...).. #.#
#....)....# #.#
#o# #%# #.# #.#
#(# #.#
####.###.# #.#
#.#
........%###.#
..#
.........>.(@#
### .....#####.<#
......####..#
............##
.....####...#####
#.......#
###.###.#
#..)......##.#
..#####..##.#


You could see Erolcha.

Vanquished Creatures
  Grinder (D:4)
  A two-headed ogre (D:8)
  A spriggan (D:7)
  An orc warrior (D:7)
  A hungry ghost (D:7)
  2 hippogriffs (D:7)
  Menkaure (D:5)
  A phantom (D:5)
  A black bear (D:6)
  2 sky beasts
  3 ogres
  A centaur (D:5)
  2 big kobolds (D:7)
  3 giant frogs
  2 scorpions
  5 killer bees (D:6)
  2 crimson imps
  4 hounds
  A quasit (D:7)
  A giant frog skeleton (D:4)
  Natasha (thrice) (D:4)
  4 orc wizards
  5 worker ants
  A mummy (D:8)
  6 adders
  3 giant mites
  4 worms
  An adder zombie (D:6)
  8 giant geckos
  An ooze (D:4)
  15 orcs
  16 bats
  8 giant cockroaches
  15 hobgoblins
  4 jackals (D:1)
  24 kobolds
  A ball python (D:1)
  8 giant newts
  10 goblins
  2 kobold skeletons
  An orc zombie (D:5)
  7 quokkas
  13 rats
  A ballistomycete (D:5)
197 creatures vanquished.

Vanquished Creatures (collateral kills)
  Joseph (D:8)
  A hippogriff (D:7)
  An ogre (D:7)
  A phantom (D:7)
  A centaur (D:7)
  2 crimson imps
  A hound (D:8)
  An adder (D:7)
  2 worms (D:7)
  An orc (D:7)
  A giant cockroach (D:8)
  A kobold (D:7)
14 creatures vanquished.

Vanquished Creatures (others)
  An orc priest (D:8)
  An orc warrior (D:7)
  A centaur (D:5)
  8 orcs (D:7)
  A hobgoblin (D:5)
  2 kobolds (D:7)
  A giant spore (D:5)
  A rat zombie (D:5)
16 creatures vanquished.

Grand Total: 227 creatures vanquished

Notes
Turn   | Place    | Note
--------------------------------------------------------------
     0 | D:1      | MDvedh, the Hill Orc Monk, began the quest for the Orb.
     0 | D:1      | Reached XP level 1. HP: 19/19 MP: 1/1
   229 | D:1      | Reached XP level 2. HP: 22/27 MP: 2/2
   975 | D:1      | Reached skill level 5 in Fighting
   975 | D:1      | Reached XP level 3. HP: 13/36 MP: 3/3
  2018 | D:2      | Reached skill level 1 in Maces & Flails
  2058 | D:2      | Reached XP level 4. HP: 29/42 MP: 4/4
  2539 | D:3      | Found a bloodstained altar of Trog.
  3344 | D:3      | Reached XP level 5. HP: 48/48 MP: 5/5
  4188 | D:4      | Noticed Natasha
  4190 | D:4      | Noticed Grinder
  4357 | D:4      | Killed Natasha
  4367 | D:4      | Noticed Natasha
  4377 | D:4      | Killed Natasha
  4385 | D:4      | Paralysed by Grinder for 4 turns
  4392 | D:4      | Killed Grinder
  4392 | D:4      | Reached skill level 6 in Maces & Flails
  4392 | D:4      | Reached XP level 6. HP: 17/56 MP: 6/6
  4714 | D:4      | Noticed Natasha
  4718 | D:4      | Killed Natasha
  4900 | D:4      | Reached XP level 7. HP: 58/61 MP: 7/7
  5047 | D:4      | Found a sparkling altar of Nemelex Xobeh.
  5279 | D:5      | Entered Level 5 of the Dungeon
  5362 | D:5      | Found a staircase to the Ecumenical Temple.
  5380 | D:5      | Reached skill level 7 in Maces & Flails
  5571 | D:5      | Noticed a troll
  5611 | D:5      | Noticed timbw's ghost (weakling VSGl)
  5887 | D:4      | Reached skill level 8 in Maces & Flails
  6010 | D:5      | Became a worshipper of Beogh the Brigand
  6010 | D:5      | Acquired Beogh's first power
  6010 | D:5      | Acquired Beogh's second power
  6175 | D:5      | Reached XP level 8. HP: 40/68 MP: 8/8
  6495 | D:5      | Noticed Menkaure
  6508 | D:5      | Killed Menkaure
  6508 | D:5      | Reached skill level 9 in Maces & Flails
  6868 | D:6      | Found a bloodstained altar of Trog.
  6958 | D:6      | Reached skill level 10 in Maces & Flails
  7573 | D:6      | Reached skill level 11 in Maces & Flails
  7752 | D:6      | Reached XP level 9. HP: 48/74 MP: 9/9
  8125 | D:7      | Acquired Beogh's third power
  8198 | D:7      | Reached skill level 12 in Maces & Flails
  8590 | D:7      | Found a blossoming altar of Fedhas.
  8591 | D:7      | Found an ancient bone altar of Kikubaaqudgha.
  9456 | D:7      | Reached skill level 13 in Maces & Flails
 10531 | D:8      | Noticed Joseph
 10739 | D:7      | Reached XP level 10. HP: 63/81 MP: 10/10
 10791 | D:7      | Reached skill level 14 in Maces & Flails
 10845 | D:8      | Killed Joseph
 10941 | D:8      | Noticed Erolcha
 10943 | D:8      | Killed from afar by Erolcha

Action                   |  1- 3 |  4- 6 |  7- 9 | 10-12 || total
-------------------------+-------+-------+-------+-------++-------
Melee: Unarmed           |   129 |       |       |       ||   129
       Club              |    21 |       |       |       ||    21
       Mace              |    14 |   152 |   162 |       ||   328
       Morningstar       |       |       |   349 |    23 ||   372
Invok: Convert to Beogh  |       |       |     1 |       ||     1
Evoke: Wand              |       |     1 |     1 |       ||     2
  Use: Scroll            |       |     8 |    12 |       ||    20
       Potion            |       |     2 |     7 |       ||     9
 Stab: Distracted        |       |       |     1 |       ||     1
